 Dungeon Crawl Stone Soup version 0.18-a0-1800-gdc7a371 (webtiles) character file.

8984 dcss12345 the Grappler (level 11, -1/109 HPs)
             Began as a Troll Monk on Apr 23, 2016.
             Was a High Priest of Okawaru.
             Slain by a troll (11 damage)
             ... on level 10 of the Dungeon on Apr 24, 2016.
             The game lasted 00:50:57 (8255 turns).

dcss12345 the Grappler (Troll Monk)                 Turns: 8255, Time: 00:50:58

Health: -1/109     AC:  8    Str: 26    XL:     11   Next: 17%
Magic:  8/10       EV: 16    Int:  6    God:    Okawaru [*****.]
Gold:   194        SH:  0    Dex: 12    Spells: 0 memorised, 10 levels left

rFire  . . .     SeeInvis .       - Unarmed
rCold  . . .     Gourm    +     u - +2 robe {MR+}
rNeg   . . .     Faith    .     (no shield)
rPois  .         Spirit   .     k - +1 hat
rElec  .         Dismiss  .     (no cloak)
rCorr  .         Reflect  .     (gloves unavailable)
SustAt +         Harm     .     (boots unavailable)
MR     +....                    p - amulet of regeneration
Stlth  ++........               N - +2 ring of strength
                                F - ring of sustain attributes

@: heroism, somewhat resistant to hostile enchantments, unstealthy
A: unfitting armour, claws 3, fast metabolism 3, gourmand, regeneration 2,
shaggy fur 1, tough skin 2
a: Heroism, Finesse, Renounce Religion


You were on level 10 of the Dungeon.
You worshipped Okawaru.
Okawaru was extremely pleased with you.
You were completely stuffed.

You visited 2 branches of the dungeon, and saw 12 of its levels.
You also visited: Ossuary.

You collected 562 gold pieces.
You spent 368 gold pieces at shops.

Inventory:

Hand Weapons
 s - a +2 halberd of freezing
Armour
 a - a +1 robe
 g - a +0 scale mail
 k - a +1 hat (worn)
 u - a +2 robe of magic resistance (worn)
Jewellery
 p - an amulet of regeneration (around neck)
 F - a ring of sustain attributes (left claw)
 N - a +2 ring of strength (right claw)
 P - an uncursed amulet of dismissal {unknown}
 T - a cursed +2 amulet of reflection {unknown}
Wands
 r - a wand of lightning (2/15)
 y - a wand of flame (21/48)
 E - a wand of disintegration (1/24)
 G - a wand of paralysis (9/24)
 M - a wand of confusion (20/48)
 O - a wand of slowing (11/48)
 R - a wand of iceblast (6/15)
 Y - a wand of hasting (3/9)
Scrolls
 c - 3 scrolls of remove curse
 e - 2 scrolls of noise
 f - 2 scrolls of identify
 j - 7 scrolls of magic mapping
 m - 3 scrolls of teleportation
 z - a scroll of fear {unknown}
 D - 3 scrolls of enchant weapon
 H - 2 scrolls of random uselessness {unknown}
 K - a scroll of immolation {unknown}
 U - a scroll of brand weapon {unknown}
 X - 2 scrolls of fog {unknown}
 Z - a scroll of summoning {unknown}
Potions
 b - 3 potions of agility
 d - a potion of berserk rage
 i - 2 potions of invisibility
 l - a potion of might {unknown}
 v - 3 potions of curing
 w - a potion of resistance {unknown}
 x - 2 potions of cancellation
 A - a potion of heal wounds
 I - 2 potions of magic {unknown}
 L - a potion of haste {unknown}
 V - 2 potions of flight
 W - 2 potions of beneficial mutation {unknown}
Books
 o - Itaen's Guide on Gliding Flames
   (You found it on level 4 of the Dungeon)

   Spells                             Type                      Level
   a - Mephitic Cloud                 Conjuration/Poison/Air       3
   b - Airstrike                      Air                          4
   c - Bolt of Magma                  Conjuration/Fire/Earth       5
   d - Fireball                       Conjuration/Fire             5
 q - a book of Transfigurations

   Spells                             Type                      Level
   a - Irradiate                      Conjuration/Transmutation    5
   b - Statue Form                    Transmutation/Earth          6
   c - Hydra Form                     Transmutation                6
   d - Dragon Form                    Transmutation                7
 C - an Akashic Record

   Spells                             Type                      Level
   a - Dispersal                      Translocation                6
   b - Malign Gateway                 Summoning/Translocation      7
   c - Disjunction                    Translocation                8
   d - Controlled Blink               Translocation                8
 S - a book of Party Tricks

   Spells                             Type                      Level
   a - Summon Butterflies             Summoning                    1
   b - Apportation                    Translocation                1
   c - Tukima's Dance                 Hexes                        3
   d - Alistair's Intoxication        Transmutation/Poison         5
   e - Invisibility                   Hexes                        6
Comestibles
 h - 2 meat rations
 n - 5 beef jerkies
 t - 8 bread rations
 B - 4 fruits
 J - 7 slices of pizza
 Q - a chunk of flesh


   Skills:
 - Level 7.3(12.3) Fighting
 - Level 8.0(13.0) Dodging
 - Level 1.1(6.1) Stealth
 * Level 12.9(17.9) Unarmed Combat


You had 10 spell levels left.
You didn't know any spells.

Dungeon Overview and Level Annotations

Branches:
Dungeon (11/15)            Temple (1/1) D:7
   Lair: D:8-11         Orc: D:9-12

Altars:
Ashenzari
Cheibriados
Elyvilon
Fedhas
Kikubaaqudgha
Makhleb
Nemelex Xobeh
Okawaru
Pakellas
Qazlal
Ru
Sif Muna
Trog
Vehumet
Xom
Yredelemnul
Zin
The Shining One

Shops:
D:4 *   D:9 *   D:10 %


Innate Abilities, Weirdness & Mutations

You are too large for most types of armour.
You have claws for hands.
Your metabolism is lightning-fast.
You like to eat raw meat.
You heal very quickly.
You are covered in fur (AC +1).
You have very tough skin (AC +2).


Message History

The troll bites you but does no damage. The troll closely misses you.
The troll claws you! The yak gores you.
* * * LOW HITPOINT WARNING * * *
You scratch the yak but do no damage. The yak gores you.
* * * LOW HITPOINT WARNING * * *
The yak misses you.
You mangle the yak!!
The yak is almost dead.
The troll misses you. The troll closely misses you.
The troll barely misses you. The yak gores you.
* * * LOW HITPOINT WARNING * * *
You mangle the yak!!
You kill the yak!
Okawaru accepts your kill.
The yak barely misses you. x2; The troll bites you!
* * * LOW HITPOINT WARNING * * *
The troll claws you!
* * * LOW HITPOINT WARNING * * *
The troll claws you!
You die...

..#######.....####
###....
.....)..##.####
##......
.....##....##
#.......
....#######.####
#....... ...##
####...## #.......
...# ###.......##
#....... ..##
##..........#
##...... ..#
#.........TY#
#...... ..#
#..........@##
#...... ..#
#.........†Y†##
##..... ..#
##..........##.###
##.... .##
#...........###..##
####..... .#
#...........#
##..###...####. .#
#...........#
##......### ## ##
#..........##
##.......### #
#..........#
##......)..##
###........#
#...........#


You could see 2 yaks and a troll.

Vanquished Creatures
  The ghost of epen the Martial Artist, a novice OpMo of Cheibriados (D:10)
  A hill giant (D:10)
  A cyclops (D:6)
  Psyche (D:9)
  Sigmund (D:4)
  15 yaks
  A human (D:8)
  2 hungry ghosts
  A hippogriff (D:10)
  7 orc warriors
  A sky beast (D:5)
  An eye of draining (D:10)
  2 black bears
  5 ice beasts
  3 phantoms
  4 centaurs
  An ogre (D:7)
  A crocodile (D:10)
  A big kobold (D:11)
  6 giant frogs
  2 scorpions
  A howler monkey (D:5)
  2 bog bodies
  3 giant frog zombies
  5 jellies
  A centaur zombie (D:5)
  10 orc priests
  7 hounds
  A giant frog skeleton (D:8)
  5 orc wizards
  An iguana (D:9)
  Terence (D:2)
  6 worker ants
  3 sheep (D:8)
  A mummy (D:8)
  A gnoll (D:5)
  A worker ant zombie (D:7)
  12 adders
  2 shadow imps
  3 oozes
  An adder zombie (D:5)
  2 worms (D:2)
  4 giant geckos
  49 orcs
  2 giant cockroaches (D:1)
  3 goblins
  7 hobgoblins
  4 jackals (D:2)
  10 kobolds
  A quokka (D:10)
  3 ball pythons
  11 bats
  A giant gecko skeleton (D:5)
  A giant gecko zombie (D:5)
  A giant newt (D:3)
  3 kobold zombies (D:8)
  An orc zombie (D:8)
  4 rats
232 creatures vanquished.

Notes
Turn   | Place    | Note
--------------------------------------------------------------
     0 | D:1      | dcss12345 the Troll Monk began the quest for the Orb.
     0 | D:1      | Reached XP level 1. HP: 22/22 MP: 0/0
    73 | D:1      | Reached XP level 2. HP: 28/29 MP: 1/1
   419 | D:1      | Found a sparkling altar of Nemelex Xobeh.
   580 | D:1      | Reached skill level 5 in Unarmed Combat
   580 | D:1      | Reached XP level 3. HP: 32/36 MP: 2/2
  1021 | D:2      | Noticed Terence
  1030 | D:2      | Killed Terence
  1030 | D:2      | Reached XP level 4. HP: 44/44 MP: 3/3
  1339 | D:2      | Reached skill level 6 in Unarmed Combat
  1554 | D:2      | Found a blossoming altar of Fedhas.
  1753 | D:3      | Reached XP level 5. HP: 48/50 MP: 4/4
  2188 | D:4      | Identified Itaen's Guide on Gliding Flames
  2444 | D:4      | Reached XP level 6. HP: 49/59 MP: 5/5
  2543 | D:4      | Found Xutag's General Store.
  2626 | D:4      | Noticed Sigmund
  2631 | D:4      | Killed Sigmund
  2735 | D:5      | Entered Level 5 of the Dungeon
  2740 | D:5      | Noticed a sky beast
  2755 | D:5      | Killed a sky beast
  2755 | D:5      | Reached XP level 7. HP: 55/71 MP: 6/6
  2838 | D:5      | Found Zin's Purification Station.
  2841 | D:5      | Found a glowing silver altar of Zin.
  2844 | D:5      | Bought a potion of curing for 90 gold pieces
  2877 | D:5      | Reached skill level 5 in Fighting
  2980 | D:5      | Found a deep blue altar of Sif Muna.
  3080 | D:5      | Reached skill level 7 in Unarmed Combat
  3195 | D:5      | Reached XP level 8. HP: 64/80 MP: 7/7
  3228 | D:5      | Found a sand-covered staircase.
  3232 | Ossuary  | Entered an ossuary
  3264 | D:5      | Reached skill level 8 in Unarmed Combat
  3413 | D:5      | Found an iron altar of Okawaru.
  3413 | D:5      | Found a bloodstained altar of Trog.
  3431 | D:5      | Became a worshipper of Warmaster Okawaru
  3431 | D:5      | Reached * piety under Okawaru
  3431 | D:5      | Reached ** piety under Okawaru
  3604 | D:6      | Found a burning altar of Makhleb.
  3616 | D:6      | Found a glowing golden altar of the Shining One.
  3787 | D:6      | Found a sparkling altar of Nemelex Xobeh.
  3854 | D:6      | Found a shimmering altar of Xom.
  3866 | D:6      | Reached skill level 9 in Unarmed Combat
  3927 | D:6      | Noticed a cyclops
  3934 | D:6      | Killed a cyclops
  3934 | D:6      | Reached skill level 5 in Dodging
  4014 | D:6      | Found an oddly glowing altar of Pakellas.
  4220 | D:6      | Reached *** piety under Okawaru
  4237 | D:6      | Reached XP level 9. HP: 88/88 MP: 8/8
  4373 | D:7      | Found a stormy altar of Qazlal.
  4387 | D:7      | Found a staircase to the Ecumenical Temple.
  4417 | Temple   | Entered the Ecumenical Temple
  4487 | D:7      | Found a blossoming altar of Fedhas.
  4501 | D:7      | Found a sparkling altar of Nemelex Xobeh.
  4503 | D:7      | Found a basalt altar of Yredelemnul.
  4700 | D:7      | Reached skill level 10 in Unarmed Combat
  4717 | D:7      | Found a shattered altar of Ashenzari.
  4970 | D:7      | Found a white marble altar of Elyvilon.
  4970 | D:7      | Found a snail-covered altar of Cheibriados.
  5352 | D:8      | Reached **** piety under Okawaru
  6218 | D:9      | Reached XP level 10. HP: 83/102 MP: 9/9
  6409 | D:9      | Noticed Psyche
  6417 | D:9      | Killed Psyche
  6417 | D:9      | Reached ***** piety under Okawaru
  6482 | D:9      | Found Raddokk's Assorted Antiques.
  6496 | D:9      | Bought a potion of flight for 93 gold pieces
  6496 | D:9      | Bought 2 black potions for 55 gold pieces
  6933 | D:9      | You fall through a shaft for 2 floors!
  6936 | D:11     | Noticed a gargoyle
  6936 | D:11     | Found a labyrinth entrance.
  6948 | D:10     | Entered Level 10 of the Dungeon
  7433 | D:10     | Noticed epen's ghost (novice OpMo)
  7452 | D:10     | Killed epen's ghost
  7452 | D:10     | Reached skill level 11 in Unarmed Combat
  7490 | D:10     | Upgraded the game from 0.18-a0-1799-g6250cb2 to 0.18-a0-1800-gdc7a371
  7533 | D:10     | Received a gift from Okawaru
  7533 | D:10     | Reached skill level 12 in Unarmed Combat
  7582 | D:10     | Noticed a hill giant
  7602 | D:10     | Killed a hill giant
  7602 | D:10     | Reached XP level 11. HP: 109/109 MP: 7/10
  7962 | D:10     | Found Oxkohes's Food Emporium.
  7972 | D:10     | Bought a bread ration for 65 gold pieces
  7972 | D:10     | Bought a bread ration for 65 gold pieces
  8255 | D:10     | Slain by a troll

Vault maps used:
D:1:      lightli_arrival_statuegarden, minivault_26, minmay_misc_feat_pillars,
          minmay_misc_feat_cross, minmay_tree_intersection,
          nemelex_diamond_rough_becter
D:2:      fedhas_altar_4, uniq_terence
D:4:      serial_shops, shop, first_bread, minmay_door_square, minivault_5,
          uniq_sigmund
D:5:      grunt_temple_overflow_bloody_war, zin_purify, enter_ossuary_5,
          lemuel_blue_sif_altar
D:6:      amethyst_overflow_temple_binary, old_standard_altar,
          johnstein_pakellas_dig, nemelex_lonely_heart_becter
D:7:      grunt_temple_overflow_forces_of_nature, cheibrodos_ashenzari_chains,
          grunt_temple_overflow_open, gammafunk_temple_overflow_elements,
          minmay_temple_entry_grid, dk_noncrumbling_4
D:8:      grunt_livestock, minmay_mini_ossuary
D:9:      serial_shops, nicolae_shop_overgrown_old_shop, uniq_psyche
D:10:     serial_shops, shop
D:11:     lab_entry_generic
Temple:   hc_temple_tempest_star_small
Ossuary:  ossuary_zaba_flooded

Skill      XL: |  1  2  3  4  5  6  7  8  9 10 |
---------------+-------------------------------+-----
Unarmed Combat | 5 6 7 9 10 12 | 12.9
Dodging        | 4 6 8 |  8.0
Fighting       | 4 5 7 |  7.3
Stealth        | |  1.1

Action                   |  1- 3 |  4- 6 |  7- 9 | 10-12 || total
-------------------------+-------+-------+-------+-------++-------
Melee: Unarmed           |    76 |   123 |   368 |   197 ||   764
       Punch             |     1 |     4 |    20 |    21 ||    46
Invok: Heroism           |       |       |     2 |     4 ||     6
  Use: Scroll            |     3 |     5 |    10 |     3 ||    21
       Potion            |     1 |     1 |     1 |     1 ||     4
 Stab: Sleeping          |     1 |     1 |     1 |       ||     3
       Distracted        |       |     1 |     1 |       ||     2
  Eat: Bread ration      |     2 |       |     1 |       ||     3
       Pizza             |     1 |       |       |       ||     1
       Chunk             |       |    15 |    36 |    22 ||    73
       Meat ration       |       |     1 |       |     1 ||     2
Armor: Robe              |    25 |    34 |    84 |    43 ||   186
Dodge: Dodged            |    35 |    48 |   176 |   110 ||   369
